Alex, neutral male human Archeologist |.. --... |...... -`.@.%. . |..-- --.--- |...| ---.--- |...| ---.--- |...--- ---...| |...--- |.....- --.--..- ---|... |..- |..| ---- Alex the Digger Experience level: 1 Strength: 14 Dexterity: 7 Constitution: 17 Intelligence: 12 Wisdom: 15 Charisma: 10 Health: 0(19) Energy: 3(3) Def: 3 Gold: 268 Moves: 1978 Dungeon seed: nAw0_T2oV-WceTZS Game ID: Alex_1690477277 Your Inventory: Coins $ - 268 gold pieces Weapons a - an uncursed +2 bullwhip s - an uncursed +0 orcish dagger (weapon in hand) Armor e - an uncursed +0 leather jacket (being worn) z - an uncursed +0 orcish helm (being worn) N - an uncursed +0 pair of jumping boots (being worn) Y - a blessed +0 dwarvish cloak of fire immunity (being worn) Comestibles b - 6 uncursed food rations i - an uncursed lichen corpse u - an uncursed pancake F - an uncursed tin of gnome meat G - an uncursed tin of hobbit meat H - an uncursed tin of gnome meat Scrolls h - 2 uncursed scrolls of enchant weapon k - an uncursed scroll of punishment l - an uncursed scroll of magic mapping m - 2 uncursed scrolls of teleportation p - an uncursed scroll of recall t - a cursed scroll of teleportation y - an uncursed scroll of food detection I - a cursed scroll of blank paper Potions o - a blessed potion of healing E - a blessed potion of object detection Wands v - an uncursed wand of speed monster (0:7) Tools c - an uncursed oil lamp (lit) (0:1481) d - an uncursed +0 pick-axe f - an uncursed tinning kit (0:54) g - an uncursed sack w - a blessed wax candle (0:400) B - 6 uncursed wax candles (0:400) C - 8 uncursed tallow candles (0:200) D - an uncursed stethoscope Gems n - an uncursed garnet stone q - an uncursed touchstone Spells and supernatural/magical abilities: Name Level Category Cost Memory W - pray for help -- divine ? -- Y - supernatural jump -- ability ? -- Your skills at the end: Fighting Skills wands [Basic] Weapon Skills pick-axe [Basic] whip [Basic] Spellcasting Skills Final Attributes: You were fervently aligned. You were immune to fire. You were stealthy. You could jump. You were fast. You last prayed 32 turns ago. Camaxtli was noncommittal. You are dead. Vanquished creatures: 5 gnome lords 5 dwarves a coyote 2 hobbits a large kobold a hobgoblin 15 gnomes 7 jackals 3 foxes 2 goblins a lichen 6 newts 49 creatures vanquished. Voluntary challenges: You never hit with a wielded weapon. You were a pacifist. You were illiterate. You never genocided any monsters. You never polymorphed an object. You never changed form. You used no wishes. You never split a pudding. You never wrote Elbereth's name. You never violated your personal moral code. Dungeon overview: The Dungeons of Doom: levels 1 to 3 Level 1 (spellbooks 2 in chest) a long staircase Level 2 (spellbook in box) a scroll shop Level 3 a vault stairs to The Gnomish Mines The Gnomish Mines: levels 4 to 9 Level 4 (spellnook in box) stairs to The Dungeons of Doom Level 5 Level 9 <- You were here History has recorded: On T:1 you entered the Dungeons of Doom to retrieve the Amulet of Yendor! On T:78 you reached level 2 of The Dungeons of Doom. On T:556 you reached level 3 of The Dungeons of Doom. On T:1185 you reached level 1 of The Gnomish Mines. On T:1663 you reached level 2 of The Gnomish Mines. On T:1963 you reached level 6 of The Gnomish Mines. Score breakdown: Gold: 268 ( 8265 points) Experience: 1 level ( 0 points) Exploration: 9 levels ( 18.00%) (12121 points) Discoveries: 9 items ( 2.98%) ( 5178 points) Valuables value: (no points given unless you survive) Artifact value: 0 ( 0 points) Variety of kills: 12 monsters ( 3.16%) ( 5331 points) Turncount: 1978 turns ( 0 points) Survival: died (score multiplied by 80%) Total score: 24716 Latest messages: An uncursed +0 pick-axe hits the floor. You begin praying to Camaxtli. You are surrounded by a shimmering light. You feel that Camaxtli is pleased. You feel much better. [3 turns] d - an uncursed +0 pick-axe. You displace your large cat. There are a few objects here. z - an iron skull cap. The large cat picks up a crude dagger. You start equipping your iron skull cap. You are now wearing an iron skull cap. [2 turns] You drop a +0 iron skull cap. The large cat drops a crude dagger. A trap door opens up under you! Your lamp is now on. Click! You trigger a rolling boulder trap! You are hit by a boulder. You die... Final status: Goodbye Alex the Archeologist, killed by a boulder... You died in The Gnomish Mines on dungeon level 9 with 24716 points, and 268 pieces of gold, after 1978 moves. You were level 1 with a maximum of 19 hit points when you died.